 Dungeon Crawl Stone Soup version 0.31-a0-152-g6aa68a64a1 (webtiles) character file.

Game seed: 3050830459061961816

102 qw the Chopper (level 4, -1/28 HPs)
             Began as a Gargoyle Fighter on June 10, 2023.
             Slain by a cerulean imp
             ... wielding a +1 spear
             ... summoned by Natasha
              (2 damage)
             ... on level 2 of the Dungeon.
             The game lasted 00:00:47 (1109 turns).

qw the Chopper (Gargoyle Fighter)                   Turns: 1109, Time: 00:00:48

Health: -1/28      AC: 10    Str: 22    XL:     4   Next: 78%
Magic:  4/4        EV:  9    Int:  8    God:
Gold:   76         SH:  4    Dex:  9    Spells: 3/3 levels left

rFire   . . .        Y - +1 war axe (freeze)
rCold   . . .        c - +0 buckler
rNeg    + . .        b - +0 scale mail
rPois   inf          (no helmet)
rElec   +            (no cloak)
rCorr   .            (no gloves)
SInv    .            (no boots)
Will    .....        (no amulet) Stlth
                     (no ring)
HPRegen 0.24/turn    (no ring)
MPRegen 0.09/turn

%: no passive effects
@: no status effects
A: sickness immunity, AC +3, negative energy resistance 1, electricity
resistance, torment resistance 1, petrification resistance
a: no special abilities


You were on level 2 of the Dungeon.
You visited 1 branch of the dungeon, and saw 2 of its levels.

You collected 76 gold pieces.


Innate Abilities, Weirdness & Mutations

You are immune to sickness and miasma.
Your stone body is resilient. (AC +3)
You are immune to poison.
You resist negative energy. (rN+)
You are resistant to electric shocks. (rElec)
You are resistant to unholy torment.
You are immune to petrification.


   Skills:
 - Level 3.2 Fighting
 + Level 4.4 Axes
 - Level 3.2 Armour
 - Level 3.2 Shields


You had 3 spell levels left.
You didn't know any spells.
Your spell library was empty.

Inventory:

Hand Weapons
 l - a +0 whip
 Y - a +1 war axe of freezing (weapon)
Armour
 b - a +0 scale mail (worn)
 c - a +0 buckler (worn)
Potions
 d - a potion of might
 e - a potion of ambrosia {unknown}
 g - a potion of curing {unknown}
 j - a potion of magic {unknown}

Dungeon Overview and Level Annotations

Branches:
Dungeon (2/15)

Altars:

Annotations:
D:2 Natasha


Message History

You hit the gnoll. You freeze the gnoll.
Natasha howls an incantation.
You feel troubled. The gnoll misses you. The gnoll closely misses you.
The gnoll hits you but does no damage.
You slash the gnoll! You freeze the gnoll.
You kill the gnoll!
You slash the gnoll! You freeze the gnoll.
You kill the gnoll!
The gnoll closely misses you. x2; The gnoll hits you but does no damage.
The gnoll hits you from afar with a +0 halberd.
Natasha casts a spell.
You block the cerulean imp's attack. The gnoll closely misses you.
You block the gnoll's attack.
You see here a +0 whip.
Enter note:
Enter note: You hit the gnoll.
You freeze the gnoll.
The gnoll is moderately wounded.
You hit the gnoll. You freeze the gnoll.
The cerulean imp hits you from afar with a +1 spear.
You block the gnoll's attack. The gnoll hits you with a +0 halberd.
You block the cerulean imp's attack.
You closely miss the gnoll.
The gnoll is severely wounded.
You barely miss the gnoll. The gnoll hits you with a +0 halberd!
You block the gnoll's attack.
The cerulean imp hits you from afar with a +1 spear.
You slash the gnoll! You freeze the gnoll.
You kill the gnoll!
You slash the gnoll! You freeze the gnoll.
The gnoll hits you but does no damage. The cerulean imp closely misses you.
The gnoll closely misses you.
You barely miss the gnoll.
The gnoll is almost dead.
You hit Natasha. You freeze Natasha. You block Natasha's attack.
The cerulean imp hits you from afar with a +2 spear.
The cerulean imp hits you from afar with a +1 spear.
You die...

#.#######
#.# #.###
#...#
###)# #.#
#.#
#.#####.#
#@).....#
#hg######
#55# #5.#
...# ##.#
.# .#


You could see Natasha, a gnoll and 3 cerulean imps.

Vanquished Creatures
  3 gnolls (D:2)
  2 adders
  3 dart slugs
  2 ball pythons (D:1)
  2 bats
  7 endoplasms
  2 giant cockroaches (D:1)
  8 goblins
  2 hobgoblins (D:1)
  3 kobolds
  3 quokkas
  4 frilled lizards
  3 rats (D:1)
  A spectral kobold (D:1)
45 creatures vanquished.

Notes
Turn   | Place    | Note
-------+----------+-------------------------------------------
     0 | D:1      | qw the Gargoyle Fighter began the quest for the Orb.
     0 | D:1      | Reached XP level 1. HP: 14/14 MP: 1/1
     0 | D:1      | 0 ||| qw: Version: 0.2-a-123-gb51047a
     0 | D:1      | 0 ||| qw: Game counter: 3781
     0 | D:1      | 0 ||| qw: Always use a shield: true
     0 | D:1      | 0 ||| qw: God list: Okawaru
     0 | D:1      | 0 ||| qw: Allow faded altars: false
     0 | D:1      | 0 ||| qw: Do Orc after D:15 true
     0 | D:1      | 0 ||| qw: Do second Lair branch before Depths: true
     0 | D:1      | 0 ||| qw: Lair rune preference: random
     0 | D:1      | 0 ||| qw: Plans: Normal, Zot:1-4, Slime:5, God:TSO, Crypt,
                  | Tomb, Abyss, Pan, Hells, Win
     0 | D:1      | 0 ||| PLANNING D:1-11
     1 | D:1      | Noticed an electric eel
    13 | D:1      | 13 ||| Stepping ~*~*~tactically~*~*~ (hiding).
    21 | D:1      | Reached skill level 2 in Axes
   128 | D:1      | 128 ||| Stepping ~*~*~tactically~*~*~ (stealth).
   161 | D:1      | Reached XP level 2. HP: 19/19 MP: 2/2
   322 | D:1      | Reached skill level 3 in Axes
   325 | D:1      | Reached XP level 3. HP: 15/23 MP: 3/3
   419 | D:1      | 419 ||| FLEEEEING.
   420 | D:1      | 420 ||| FLEEEEING.
   421 | D:1      | 421 ||| FLEEEEING.
   451 | D:1      | 451 ||| DROPPING +0 club.
   735 | D:1      | Found a faded altar of an unknown god.
   886 | D:1      | 886 ||| READING scroll labelled XIEFACW NUIGE.
   887 | D:1      | 887 ||| READING 2 scrolls labelled FAXKADGHESE.
   888 | D:1      | 888 ||| READING scroll labelled XICHASHR JUJOFEUZUMM.
   889 | D:1      | 889 ||| READING scroll labelled OFAOSA CEOTI.
   894 | D:1      | 894 ||| READING scroll labelled KOUSAAGHAWN.
   895 | D:1      | 895 ||| READING scroll labelled LOVVEOQOER.
   896 | D:1      | 896 ||| READING scroll labelled QANNUDU RIUTS.
   897 | D:1      | 897 ||| DROPPING scroll of immolation.
   928 | D:2      | 928 ||| STAIRDANCE
   977 | D:2      | 977 ||| Stepping ~*~*~tactically~*~*~ (stealth).
  1008 | D:2      | Reached XP level 4. HP: 28/28 MP: 4/4
  1025 | D:2      | 1025 ||| Stepping ~*~*~tactically~*~*~ (stealth).
  1047 | D:2      | 1047 ||| Stepping ~*~*~tactically~*~*~ (hiding).
  1058 | D:2      | 1058 ||| Stepping ~*~*~tactically~*~*~ (stealth).
  1070 | D:2      | Reached skill level 4 in Axes
  1100 | D:2      | Noticed Natasha
  1107 | D:2      | HP: 2/28 [gnoll/+0 halberd (10)]
  1109 | D:2      | Slain by a cerulean imp

Levels and vault maps discovered:
D:1:      arrival_aquarium_a, layout_rooms,
          dreamdust_ecumenical_altar_drowned_temple,
          nicolae_concentric_dashed_squares_mild, hangedman_decor_points
D:2:      layout_loops_ring, uniq_natasha, uniq_robin

Skill      XL: |  1  2  3  4 |
---------------+-------------+-----
Axes           | 2 3 4 |  4.4
Fighting       | |  3.2
Armour         | |  3.2
Shields        | |  3.2

Action                     |  1- 3 |  4- 6 || total
---------------------------+-------+-------++-------
  Melee: War axe           |   100 |    18 ||   118
    Use: Scroll            |     7 |       ||     7
 Armour: Scale mail        |    50 |     7 ||    57
  Dodge: Dodged            |    39 |    12 ||    51
  Block: Buckler           |    21 |     6 ||    27

Table legend:
 A = Non-vault XP
 B = Vault XP
 C = Vault XP percentage of total XP
 D = Non-vault monster count
 E = Vault monster count
 F = Vault count percentage of total count
                 A         B        C        D         E       F
            +---------+---------+-------+---------+---------+-------
      Total |     146 |       1 |   0.7 |      44 |       1 |   2.2
            +---------+---------+-------+---------+---------+-------
        D:1 |      65 |       1 |   1.5 |      28 |       1 |   3.4
        D:2 |      81 |       0 |   0.0 |      16 |       0 |   0.0
            +---------+---------+-------+---------+---------+-------
